 Dungeon Crawl Stone Soup version 0.19-a0-1341-g3513869 (webtiles) character file.

10474 George the Carver (level 11, -1/86 HPs)
             Began as a Mummy Fighter on Sept 1, 2016.
             Was a High Priest of Okawaru.
             Slain by a nine-headed hydra (11 damage)
             ... on level 11 of the Dungeon.
             The game lasted 00:29:31 (13846 turns).

George the Carver (Mummy Fighter)                  Turns: 13846, Time: 00:29:32

Health: -1/86      AC: 18    Str: 25    XL:     11   Next: 36%
Magic:  15/15      EV:  9    Int:  7    God:    Okawaru [*****.]
Gold:   531        SH: 11    Dex: 15    Spells: 0 memorised, 10 levels left

rFire  x . .     SeeInvis .     A - +1 long sword (elec)
rCold  + . .     Gourm    .     r - +0 plate armour
rNeg   + + +     Faith    +     c - +0 shield
rPois  ∞         Spirit   .     (no helmet)
rElec  .         Dismiss  .     i - +2 cloak
rCorr  .         Reflect  .     p - +0 pair of gloves
MR     +....     Harm     .     g - +0 pair of boots
Stlth  ..........               q - amulet of faith
                                m - +4 ring of evasion
                                C - +5 ring of strength

@: manticore barbs
A: no food or potions, fire vulnerability, cold resistance 1, negative energy
resistance 3, torment resistance, unbreathing
a: Heroism, Finesse, Renounce Religion


You were on level 11 of the Dungeon.
You worshipped Okawaru.
Okawaru was extremely pleased with you.
You were not hungry.

You visited 2 branches of the dungeon, and saw 12 of its levels.
You also visited: Sewer.

You collected 531 gold pieces.

Inventory:

Hand Weapons
 A - a +1 long sword of electrocution (weapon)
Missiles
 a - 7 throwing nets (quivered)
 u - 3 javelins of penetration
Armour
 c - a +0 shield (worn)
 g - a +0 pair of boots (worn)
 i - a +2 cloak (worn)
 p - a +0 pair of gloves (worn)
 r - a +0 plate armour (worn)
Jewellery
 m - a +4 ring of evasion (right hand)
 n - an uncursed ring of ice
 q - an amulet of faith (around neck)
 C - a +5 ring of strength (left hand)
Wands
 e - a wand of lightning (0/15)
 k - a wand of enslavement (17/24)
 s - a wand of teleportation (4/9)
 z - a wand of confusion (16/48)
 B - a wand of polymorph (11/24)
 D - a wand of digging (8/24)
 E - a wand of iceblast (0/15)
Scrolls
 b - 2 scrolls of fear
 d - 3 scrolls of blinking
 f - a scroll of teleportation
 h - 2 scrolls of magic mapping
 j - 2 scrolls of fog
 l - 6 scrolls of recharging
 o - 2 scrolls of remove curse
 t - 2 scrolls of enchant armour
 v - a scroll of immolation
 w - 3 scrolls of enchant weapon
 y - a scroll of acquirement {unknown}


   Skills:
 + Level 8.1 Fighting
 * Level 8.8 Long Blades
 + Level 6.5 Armour
 + Level 6.7 Shields
 + Level 5.7 Invocations
 + Level 3.3 Evocations


You had 10 spell levels left.
You didn't know any spells.

Dungeon Overview and Level Annotations

Branches:
Dungeon (11/15)            Temple (1/1) D:5            Lair (0/6) D:10
    Orc: D:9-12

Altars:
Ashenzari
Cheibriados
Dithmenos
Elyvilon
Fedhas
Gozag
Hepliaklqana
Kikubaaqudgha
Makhleb
Nemelex Xobeh
Okawaru
Qazlal
Ru
Sif Muna
Trog
Uskayaw
Vehumet
Xom
Yredelemnul
Zin
The Shining One

Shops:
D:8 [


Innate Abilities, Weirdness & Mutations

You do not eat or drink.
Your flesh is vulnerable to fire.
You are immune to poison.
Your flesh is cold resistant. (rC+)
You are immune to negative energy. (rN+++)
You are immune to unholy pain and torment.
You can survive without breathing.


Message History

The nine-headed hydra bites you.
* * * LOW HITPOINT WARNING * * *
The nine-headed hydra bites you but does no damage. x2
The nine-headed hydra bites you.
* * * LOW HITPOINT WARNING * * *
Evoke which item? (* to show all) (? for menu, Esc to quit)
Zapping:
E - a wand of iceblast {zapped: 2} (will waste charges)
Press: ? - help, Shift-Dir - straight line, f/p - nine-headed hydra
Aim: a nine-headed hydra (almost dead) That beam is likely to hit you.
Continue anyway?
The mass of ice explodes!
The iceblast engulfs the nine-headed hydra.
The nine-headed hydra is almost dead.
The iceblast engulfs you! You partially resist.
* * * LOW HITPOINT WARNING * * *
Evoking this partially-identified wand wasted a few charges.
You hear a croak.
The nine-headed hydra bites you but does no damage. x2
The nine-headed hydra bites you!
You die...

#..#.#
#.D###.#.#
#..H.†...#
#..####..#
#)...#
#†#..#
#(#..#
#D#..#
#@#..#
#.##># #.#
## #.# #.#
#.# #.#
#.# #.#


You could see a nine-headed hydra.

Vanquished Creatures
  Harold (D:10)
  The ghost of mopl the Grappler, a novice TrWz of Sif Muna (D:10)
  2 hill giants
  A manticore (D:11)
  Joseph (D:10)
  Psyche (D:10)
  2 komodo dragons
  2 trolls
  Prince Ribbit (D:9)
  3 slime creatures (D:11)
  A shadow (D:11)
  A wraith (D:10)
  Grum (D:10)
  Edmund (D:5)
  A water moccasin (D:10)
  A porcupine (D:10)
  2 phantoms
  2 ice beasts
  4 necrophages
  4 ogres
  2 crocodiles (D:10)
  4 wolves (D:10)
  5 centaurs
  7 giant frogs
  A scorpion (D:10)
  A water moccasin skeleton (D:6)
  5 killer bees
  12 wights
  2 electric eels (D:6)
  4 howler monkeys
  9 crimson imps
  4 giant frog zombies
  4 hounds
  4 jellies
  An orc priest (D:9)
  A centaur skeleton (D:7)
  A giant frog skeleton (D:5)
  6 iguanas
  4 worker ants
  3 orc wizards
  2 hound zombies
  2 hound skeletons
  A howler monkey zombie (D:9)
  7 gnolls
  10 river rats
  11 adders
  A shadow imp (D:10)
  6 oozes
  2 adder zombies
  3 worms
  A dart slug (D:1)
  7 giant geckos
  21 orcs
  9 giant cockroaches
  8 hobgoblins
  9 jackals
  5 quokkas
  3 ball pythons
  9 bats
  13 giant newts
  7 goblins
  A jackal skeleton (D:5)
  5 kobolds
  2 quokka skeletons
  25 rats
283 creatures vanquished.

Notes
Turn   | Place    | Note
-------+----------+-------------------------------------------
     0 | D:1      | George the Mummy Fighter began the quest for the Orb.
     0 | D:1      | Reached XP level 1. HP: 18/18 MP: 1/1
   304 | D:1      | Reached XP level 2. HP: 24/24 MP: 2/2
  1270 | D:2      | Reached XP level 3. HP: 29/29 MP: 3/3
  1428 | D:2      | Found a faded altar of an unknown god.
  1872 | D:2      | Reached XP level 4. HP: 34/35 MP: 4/4
  2329 | D:3      | Reached XP level 5. HP: 39/42 MP: 5/5
  2470 | D:3      | Found a glowing drain.
  2484 | Sewer    | Entered a sewer
  3310 | D:3      | Reached XP level 6. HP: 48/48 MP: 6/6
  3494 | D:3      | Found a shimmering altar of Xom.
  4540 | D:4      | Reached XP level 7. HP: 55/55 MP: 7/7
  4925 | D:5      | Entered Level 5 of the Dungeon
  5335 | D:5      | Noticed Edmund
  5374 | D:5      | Killed Edmund
  5508 | D:5      | Reached skill level 5 in Long Blades
  5598 | D:5      | Found a staircase to the Ecumenical Temple.
  5610 | Temple   | Entered the Ecumenical Temple
  6029 | D:5      | Reached skill level 5 in Fighting
  6300 | D:6      | Found an iron altar of Okawaru.
  6311 | D:6      | Reached XP level 8. HP: 62/62 MP: 8/8
  6314 | D:6      | Became a worshipper of Warmaster Okawaru
  6480 | D:6      | Reached skill level 1 in Invocations
  7495 | D:7      | Reached * piety under Okawaru
  7750 | D:7      | Reached XP level 9. HP: 69/69 MP: 10/10
  8040 | D:7      | Found a bloodstained altar of Trog.
  8239 | D:7      | Reached ** piety under Okawaru
  8239 | D:7      | Reached skill level 5 in Shields
  8243 | D:7      | Reached skill level 5 in Armour
  9226 | D:8      | Found Tirof's Antique Armour Shoppe.
  9360 | D:8      | Found a sacrificial altar of Ru.
  9361 | D:8      | Found a deep blue altar of Sif Muna.
  9648 | D:8      | Found a shattered altar of Ashenzari.
  9648 | D:8      | Found a shadowy altar of Dithmenos.
  9648 | D:8      | Found a glowing golden altar of the Shining One.
  9650 | D:8      | Found a blossoming altar of Fedhas.
  9651 | D:8      | Found a white marble altar of Elyvilon.
  9744 | D:8      | Noticed a hill giant
  9753 | D:8      | Killed a hill giant
  9753 | D:8      | Reached *** piety under Okawaru
  9995 | D:8      | Reached skill level 1 in Evocations
 10206 | D:9      | Noticed Prince Ribbit
 10362 | D:9      | Noticed a troll
 10376 | D:9      | Killed a troll
 10376 | D:9      | Reached XP level 10. HP: 60/77 MP: 12/12
 10540 | D:9      | Reached **** piety under Okawaru
 10708 | D:9      | Killed Prince Ribbit
 11186 | D:10     | Entered Level 10 of the Dungeon
 11193 | D:10     | Noticed mopl's ghost (novice TrWz)
 11460 | D:10     | Noticed Harold
 11484 | D:10     | Killed Harold
 11534 | D:10     | Noticed Joseph
 11806 | D:10     | Noticed a hill giant
 11816 | D:10     | Killed a hill giant
 11816 | D:10     | Reached ***** piety under Okawaru
 11824 | D:10     | Noticed Grum
 11846 | D:10     | Killed Grum
 11846 | D:10     | Received a gift from Okawaru
 11922 | D:10     | Killed Joseph
 11932 | D:10     | Reached skill level 5 in Invocations
 12389 | D:10     | Noticed Psyche
 12397 | D:10     | Killed Psyche
 12397 | D:10     | Reached XP level 11. HP: 82/86 MP: 14/14
 12453 | D:10     | Killed mopl's ghost
 12741 | D:10     | Found a staircase to the Lair.
 13037 | D:11     | HP: 3/86 [large slime creature (28)]
 13038 | D:11     | HP: 1/86 [large slime creature (3)]
 13826 | D:11     | Noticed an eight-headed hydra
 13846 | D:11     | Slain by a nine-headed hydra

Vault maps used:
D:1:      tarquinn_simple_flora_water_e, roderic_lattice_a
D:2:      ecumenical_altar_2
D:3:      led_xom_imps, gup_sewer_entry_bowl
D:4:      minmay_door_square, dk_rats_in_the_wall
D:5:      first_bread, uniq_edmund
D:6:      kennysheep_little_box, kennysheep_boxes
D:7:      lemuel_round_altar, kennysheep_generic_room_11
D:8:      grunt_temple_overflow_open, serial_shops, nicolae_shop_crystal,
          hangedman_little_slice_of_home
D:9:      serial_undead, serial_undead_c, serial_undead_b, serial_undead_a,
          serial_undead_b, uniq_prince_ribbit1
D:10:     erik_lair_dragon, uniq_joseph, uniq_grum, uniq_harold, uniq_psyche
D:11:     minmay_joined_circles, uniq_josephine
Temple:   jpeg_temple_clearing
Sewer:    sewer_co_cracked_pipes

Skill      XL: |  1  2  3  4  5  6  7  8  9 10 11 |
---------------+----------------------------------+-----
Long Blades    | 2 3 4 5 6 7 8 |  8.8
Armour         | 3 4 5 6 |  6.5
Shields        | 3 4 5 6 |  6.7
Fighting       | 4 5 6 7 8 |  8.1
Invocations    | 2 3 5 |  5.7
Evocations     | 1 2 3 |  3.3

Action                   |  1- 3 |  4- 6 |  7- 9 | 10-12 || total
-------------------------+-------+-------+-------+-------++-------
Melee: Long sword        |   139 |   382 |   489 |   369 ||  1379
       Scimitar          |       |       |   246 |       ||   246
Invok: Heroism           |       |       |     3 |     3 ||     6
Evoke: Wand              |       |       |    11 |    12 ||    23
  Use: Scroll            |       |     9 |     3 |     3 ||    15
Armor: Scale mail        |    47 |       |       |       ||    47
       Chain mail        |    16 |   158 |   128 |       ||   302
       Plate armour      |       |       |   145 |   128 ||   273
Dodge: Dodged            |    38 |   101 |   209 |    92 ||   440
Block: Shield            |    65 |   153 |   323 |   156 ||   697
